 Dungeon Crawl Stone Soup version 0.28-a0-983-g1de4e0787c (webtiles) character file.

Game seed: 9105519304460413900

1305 ytrimaz the Covert (level 8, 0/54 (69) HPs)
             Began as a Formicid Fighter on Dec 2, 2021.
             Slain by Edmund (4 damage)
             ... on level 4 of the Dungeon.
             The game lasted 00:05:33 (3780 turns).

ytrimaz the Covert (Formicid Fighter)               Turns: 3780, Time: 00:05:34

HP:   0/54 (69)     AC: 12    Str: 23    XL:     8   Next: 88%
MP:   9/9           EV:  8    Int:  8    God:
Gold: 167           SH:  4    Dex: 10    Spells: 7/7 levels left

rFire   . . .      SeeInvis +   a - +1 war axe
rCold   . . .      Faith    .   c - +0 buckler
rNeg    . . .      Spirit   .   e - +1 chain mail {Will+}
rPois   .          Reflect  .   (helmet unavailable)
rElec   .          Harm     .   (no cloak)
rCorr   +          Rampage  .   j - +0 pair of gloves
Will    +....                   (no boots)
Stlth   ++........              (no amulet)
HPRegen 0.18/turn               f - ring of resist corrosion
MPRegen 0.11/turn               (no ring)

@: mighty, heavily drained
A: permanent stasis, dig shafts and tunnels, antennae 3, four strong arms
a: Dig, Shaft Self


You were on level 4 of the Dungeon.
You visited 1 branch of the dungeon, and saw 4 of its levels.

You collected 167 gold pieces.

Inventory:

Hand Weapons
 a - a +1 war axe (weapon)
Armour
 c - a +0 buckler (worn)
 e - a +1 chain mail of willpower (worn)
 j - a +0 pair of gloves (worn)
Jewellery
 f - a ring of resist corrosion (left hand)
Wands
 n - a wand of digging (3)
Scrolls
 p - a scroll of identify
Potions
 b - a potion of lignification
 g - a potion of curing
 h - a potion of brilliance {unknown}
 i - a potion of flight
 k - a potion of heal wounds
 l - a potion of ambrosia {unknown}
 m - 2 potions of magic
 o - a potion of degeneration {unknown}
 q - a potion of haste


   Skills:
 * Level 8.3 Fighting
 + Level 8.0 Axes
 + Level 5.3 Armour
 - Level 11.6 Stealth
 * Level 4.8 Shields
 * Level 1.5 Invocations


You had 7 spell levels left.
You didn't know any spells.
Your spell library was empty.

Dungeon Overview and Level Annotations

Branches:
Dungeon (4/15)
 Temple: D:4-7

Altars:
Kikubaaqudgha
The Shining One

Annotations:
D:4 Edmund


Innate Abilities, Weirdness & Mutations

You cannot be hasted, slowed, berserked, paralysed or teleported.
You can dig through walls and to a lower floor.
You have a pair of large antennae on your head. (SInv)
Your four strong arms can wield two-handed weapons with a shield.


Message History

A scorpion comes into view.
Found a scroll of enchant armour.
Edmund shouts!
Edmund drinks a potion.
Edmund seems to speed up.
Edmund closely misses you. You block the scorpion's attack.
Edmund hits you with a +4 dire flail of draining.
You feel drained.
You slash the scorpion!
The scorpion is heavily wounded.
You slash Edmund! The scorpion stings you. Edmund hits you but does no damage.
You feel drained.
You slash the scorpion!
The scorpion is almost dead.
You slash Edmund! Edmund closely misses you. The scorpion stings you.
Edmund hits you with a +4 dire flail of draining.
You feel drained.
The scorpion stings you but does no damage.
You barely miss the scorpion.
The scorpion is almost dead.
You closely miss Edmund.
Edmund hits you with a +4 dire flail of draining!
You feel drained. The scorpion barely misses you.
You hit the scorpion but do no damage.
The scorpion is almost dead.
You closely miss Edmund.
Edmund hits you with a +4 dire flail of draining.
You feel drained. The scorpion barely misses you.
Edmund hits you but does no damage.
You feel drained.
You slash the scorpion!
You kill the scorpion!
You barely miss Edmund.
Edmund hits you with a +4 dire flail of draining!
You feel drained.
Edmund hits you with a +4 dire flail of draining!
You feel drained.
You feel very mighty all of a sudden.
Edmund hits you with a +4 dire flail of draining!
* * * LOW HITPOINT WARNING * * *
You feel drained.
You die...

### .. #.#.. .###.#
#.#.# ......#
#.#.###......
.......###.#... .....
........##.#.# ....
.#.......#..# #..
...?...@....# #.####
##....@.....## ##....#
##.....#.##.###.....##.
##...##.###..^[.......
#... ...#####...>.###
#.####.............#
#.#####..##...#.##.# ..
..##..##...#.# # .#
#.##..##.....#


You could see Edmund (fast).

Vanquished Creatures
  Pikel (D:4)
  Grinder (D:3)
  4 lemures (D:4)
  A scorpion (D:4)
  An orc priest (D:3)
  Jessica (D:3)
  Ijyb (D:3)
  Terence (D:3)
  A scorpion zombie (D:3)
  Natasha (D:2)
  An orc wizard (D:3)
  A hound skeleton (D:3)
  3 adders
  2 river rats (D:3)
  4 adder skeletons (D:3)
  A worm (D:4)
  2 dart slugs
  6 orcs (D:3)
  7 endoplasms
  4 giant cockroaches
  8 goblins
  6 hobgoblins
  2 jackals (D:3)
  A kobold (D:3)
  8 quokkas
  6 ball pythons
  A ball python skeleton (D:3)
  7 bats
  2 frilled lizards
  A quokka zombie (D:3)
  21 rats
107 creatures vanquished.

Vanquished Creatures (others)
  4 withered plants (D:3)
4 creatures vanquished.

Grand Total: 111 creatures vanquished

Notes
Turn   | Place    | Note
-------+----------+-------------------------------------------
     0 | D:1      | ytrimaz the Formicid Fighter began the quest for the Orb.
     0 | D:1      | Reached XP level 1. HP: 18/18 MP: 1/1
   124 | D:1      | Reached XP level 2. HP: 22/24 MP: 2/2
   497 | D:1      | Reached XP level 3. HP: 18/29 MP: 3/3
   942 | D:1      | You fall into a shaft and drop 1 floor!
  1004 | D:2      | Reached XP level 4. HP: 14/37 MP: 4/4
  1607 | D:2      | Found a glowing golden altar of the Shining One.
  1660 | D:2      | Noticed Natasha
  1671 | D:2      | Killed Natasha
  2306 | D:3      | Noticed Grinder
  2320 | D:3      | Killed Grinder
  2321 | D:3      | Reached skill level 5 in Armour
  2321 | D:3      | Reached XP level 5. HP: 33/42 MP: 5/5
  2321 | D:3      | Reached XP level 6. HP: 38/48 MP: 6/6
  2324 | D:3      | Reached skill level 11 in Stealth
  2324 | D:3      | Reached XP level 7. HP: 50/62 MP: 7/7
  2444 | D:3      | Found an ancient bone altar of Kikubaaqudgha.
  2637 | D:3      | Noticed Terence
  2645 | D:3      | Killed Terence
  2767 | D:3      | Noticed Ijyb
  2779 | D:3      | Noticed Jessica
  2781 | D:3      | Killed Ijyb
  2790 | D:3      | Killed Jessica
  2836 | D:3      | Reached XP level 8. HP: 68/68 MP: 8/8
  3423 | D:4      | Noticed Pikel
  3439 | D:4      | Killed Pikel
  3440 | D:4      | Reached skill level 1 in Invocations
  3770 | D:4      | Noticed Edmund
  3780 | D:4      | Slain by Edmund

Illustrated notes

Levels and vault maps discovered:
D:1:      dpeg_arrival_lava_temple_mockup, layout_basic, minmay_tromino_mix6
D:2:      layout_loops_ring, grunt_decor_resistance,
          hangedman_abyss_or_decor_lesser_grid, minmay_misc_feat_alley,
          kennysheep_flooded_box, uniq_natasha
D:3:      layout_loops_ring, kiku_gazebo_garden_becter, gup_sewer_entry_spiral,
          serial_undead, serial_undead_e, serial_undead_b, serial_undead_a,
          serial_undead_c, serial_undead_e, serial_undead_f, serial_undead_a,
          small_statue_intersection, minmay_rat_hole, uniq_jessica, uniq_ijyb,
          uniq_grinder, uniq_terence
D:4:      layout_loops_cross, mainiacjoe_overflow_24_doors,
          mrwooster_statue_mirror, chequers_serial_rivers_large_a,
          hangedman_abyss_or_decor_stabs, uniq_duvessa, uniq_edmund, uniq_pikel,
          uniq_blork_the_orc

Skill      XL: |  1  2  3  4  5  6  7  8 |
---------------+-------------------------+-----
Shields        | 4 |  4.8
Axes           | 4 7 8 |  8.0
Armour         | 5 |  5.3
Fighting       | 4 8 |  8.3
Stealth        | 11 | 11.6
Invocations    | 1 |  1.5

Action                   |  1- 3 |  4- 6 |  7- 9 || total
-------------------------+-------+-------+-------++-------
Melee: War axe           |   115 |    33 |   191 ||   339
  Use: Scroll            |     4 |     5 |     2 ||    11
       Potion            |     1 |     1 |     2 ||     4
Armor: Chain mail        |   134 |    14 |    94 ||   242
Dodge: Dodged            |    71 |     8 |    61 ||   140
Block: Buckler           |    33 |     3 |    36 ||    72

Table legend: (Time is in decaauts)
 A = Elapsed time spent in this place.
 B = Non-inter-level travel time spent in this place.
 C = Inter-level travel time spent in this place.
 D = Time resting spent in this place.
 E = Time spent auto-exploring this place.
 F = Levels seen in this place.
 G = Mean time per level.
                   A        B        C        D        E       F      G
               +--------+--------+--------+--------+--------+-----+--------+
         Total |   3896 |   3829 |     67 |    288 |   2618 |   4 |  974.0 |
       Dungeon |   3896 |   3829 |     67 |    288 |   2618 |   4 |  974.0 |
               +--------+--------+--------+--------+--------+-----+--------+

Top non-repeatable levels by time:
     D:1: 1311 daAuts
     D:3: 1194 daAuts
     D:2: 1029 daAuts
     D:4: 360 daAuts
